 Dungeon Crawl Stone Soup version 0.14-a0-3563-g07d0f32 (webtiles) character file.

4663 4tharraofdagon the Spear-Bearer (level 10, -4/75 (79) HPs)
             Began as a Merfolk Gladiator on Mar 29, 2014.
             Slain by an orc knight
             ... wielding a +0,+0 glaive
              (34 damage)
             ... in a bailey.
             The game lasted 00:29:45 (4176 turns).

4tharraofdagon the Spear-Bearer (Merfolk Gladiator) Turns: 4176, Time: 00:29:45

HP  -4/75 (79)   AC  7     Str 16      XL: 10   Next: 33%
MP  18/18        EV 19     Int 11      God:
Gold 345         SH  0     Dex 20      Spells:  0 memorised,  9 levels left

rFire  + . .     SeeInvis .     F - +0 glaive
rCold  . . .     Clarity  .     n - +1 troll leather armour
rNeg   . . .     Conserve .     (no shield)
rPois  .         rCorr    .     b - +0 helmet
rElec  .         rRot     .     (no cloak)
SustAb . .       Spirit   .     (no gloves)
rMut   .         Warding  .     (no boots)
Saprov . . .     Stasis   .     (no amulet)
MR     .....                    w - ring of protection from fire
                                r - +6 ring of dexterity

@: slowed, very slow, not resistant to hostile enchantments, unstealthy
A: change form in water, swift swim
a: no special abilities


You were in a bailey.
You were not hungry.

You visited 2 branches of the dungeon, and saw 10 of its levels.
You also visited: Sewer, Ossuary and Bailey.

You collected 345 gold pieces.

Inventory:

Hand weapons
 d - a +0,+0 halberd
 t - a +0,+0 halberd
 F - a +0,+0 glaive (weapon)
 I - a cursed -2,-3 trident
Armour
 b - a +0 helmet (worn)
 n - a +1 troll leather armour (worn)
 y - a +0 helmet
 J - a +2 chain mail
Magical devices
 g - a wand of draining (8)
 v - a wand of paralysis (2)
 K - a wand of flame (0)
 L - a wand of polymorph (7)
Comestibles
 f - 8 bread rations
 i - 2 pears
 l - an apple
 o - 2 chokos
 p - 3 meat rations
 Q - 6 beef jerkies
Scrolls
 a - a scroll of vulnerability {unknown}
 e - a scroll of immolation
 h - a scroll of noise {unknown}
 j - 5 scrolls of remove curse
 k - a scroll of enchant weapon II {unknown}
 u - 2 scrolls of random uselessness {unknown}
 A - a scroll of fear {unknown}
 B - 2 scrolls of magic mapping {unknown}
 C - 2 scrolls of recharging
 H - 2 scrolls of fog
Jewellery
 r - a +6 ring of dexterity (left hand)
 w - a ring of protection from fire (right hand)
Potions
 c - a potion of poison
 s - 3 potions of curing
 D - 3 potions of heal wounds
 E - 2 potions of magic
 G - a potion of might
 N - 2 potions of flight
Magical staves
 O - an uncursed staff of earth {unknown}


   Skills:
 + Level 7.1 Fighting
 * Level 12.9 Polearms
 - Level 2.0 Throwing
 + Level 4.4 Armour
 + Level 9.0 Dodging
 + Level 5.3 Evocations


You had 9 spell levels left.
You didn't know any spells.

Dungeon Overview and Level Annotations

Branches:
Dungeon (9/15)             Temple (1/1) D:6
    Orc: D:9-12        Lair: D:8-11

Altars:
Ashenzari
Dithmenos
Elyvilon
Fedhas
Kikubaaqudgha
Makhleb
Nemelex Xobeh
Trog
Vehumet
Xom
Yredelemnul
Zin
The Shining One

Annotations:
D:5 Menkaure
D:9 LAIR


Message History

Evoke which item? (* to show all) (? for menu, Esc to quit)
Zapping:
g - a wand of draining {zapped: 3}
Press: ? - help, Shift-Dir - straight line, f/p - orc knight
Aim: an orc knight, wielding a runed long sword and wearing a plate armour (moderately wounded, summoned)
The bolt of negative energy hits the orc knight.
The orc knight is drained!
You feel guilty.
You have lost your religion!
The orc knight is heavily wounded.
The bolt of negative energy hits the orc knight.
The orc knight is drained!
The orc knight is severely wounded.
The bolt of negative energy hits the orc.
The orc is drained!
You kill the orc!
The orc's corpse dissolves into shadows!
The bolt of negative energy hits the orc warrior.
The orc warrior is drained!
The orc warrior is moderately wounded.
The orc knight misses you. The orc warrior hits you with a mace.
The orc knight hits you from afar with a glaive!
You die...

### ####### #######
....###.....#########.....## #
.....'......o#.....#.......######
.....'.....g.og....'....g.g#....#
o....'oo..gggggo...'...).)og)...o
....o§§§..ooo'oo@..).......#....#
o...§o§§g..oo#o....#.......######
o...###.....#########.....## #
### ####### #######


You could see 2 orc knights, 2 orc warriors, an orc priest (frenzied), an orc
wizard (frenzied), 8 gnolls and 5 orcs.

Vanquished Creatures
  An orc knight (Bailey)
  A salamander (Bailey)
  A troll (D:8)
  A wyvern (D:9)
  A hippogriff (D:8)
  A water moccasin (D:6)
  8 orc warriors
  2 ice beasts (D:8)
  2 ogres
  A centaur (D:7)
  A big kobold (D:8)
  7 giant frogs
  A scorpion (D:6)
  A wyvern skeleton (D:7)
  2 wights (D:7)
  4 crimson imps
  2 goliath beetles
  A jelly (D:6)
  2 human zombies (Ossuary)
  A centaur zombie (Ossuary)
  3 hounds
  2 orc priests
  2 iguanas
  4 worker ants
  An ogre zombie (D:8)
  5 big kobold zombies (Ossuary)
  3 hound zombies
  3 mummies (Ossuary)
  14 adders
  8 gnolls
  4 green rats
  2 giant mites
  A worm (D:5)
  2 adder zombies (Ossuary)
  A giant eyeball (D:7)
  3 giant geckos
  3 oozes
  39 orcs
  7 bats
  A bat zombie (D:6)
  11 giant cockroaches
  7 hobgoblins
  8 jackals
  4 quokkas
  10 ball pythons (Sewer)
  5 giant newts
  10 goblins
  3 goblin zombies (Ossuary)
  A hobgoblin skeleton (D:8)
  4 hobgoblin zombies
  4 jackal zombies (Ossuary)
  12 kobolds
  3 kobold zombies (Ossuary)
  An orc zombie (Ossuary)
  5 quokka zombies (Ossuary)
  34 rats
  A rat skeleton (D:5)
  3 rat zombies (Ossuary)
275 creatures vanquished.

Vanquished Creatures (collateral kills)
  An orc (Bailey)
1 creature vanquished.

Vanquished Creatures (others)
  An orc warrior (Bailey)
  An orc wizard (Bailey)
  2 gnolls (Bailey)
  9 orcs (Bailey)
13 creatures vanquished.

Grand Total: 289 creatures vanquished

Notes
Turn   | Place    | Note
--------------------------------------------------------------
     0 | D:1      | 4tharraofdagon, the Merfolk Gladiator, began the quest for the Orb.
     0 | D:1      | Reached XP level 1. HP: 16/16 MP: 1/1
   134 | D:1      | Reached XP level 2. HP: 16/23 MP: 2/2
   210 | D:2      | Reached skill level 5 in Polearms
   210 | D:2      | Reached XP level 3. HP: 7/28 MP: 3/3
   221 | D:2      | Noticed a centaur
   244 | D:2      | Paralysed by a potion of paralysis for 2 turns
   249 | D:2      | Paralysed by a potion of paralysis for 5 turns
   563 | D:3      | Reached XP level 4. HP: 15/34 MP: 4/4
   927 | D:5      | Entered Level 5 of the Dungeon
   936 | D:5      | Reached skill level 1 in Armour
   976 | D:5      | Reached skill level 6 in Polearms
   980 | D:5      | Reached XP level 5. HP: 22/41 MP: 5/5
  1055 | D:5      | Noticed an ogre
  1112 | D:6      | Reached skill level 5 in Dodging
  1181 | D:6      | Found a glowing drain.
  1183 | D:6      | Noticed an ogre
  1232 | D:6      | Killed an ogre
  1232 | D:6      | Reached skill level 7 in Polearms
  1232 | D:6      | Reached XP level 6. HP: 12/48 MP: 6/6
  1252 | Sewer    | Entered a sewer
  1617 | Sewer    | Reached skill level 8 in Polearms
  1617 | Sewer    | Reached XP level 7. HP: 18/54 MP: 7/7
  1772 | D:4      | Noticed an ogre
  1904 | D:5      | Noticed a giant frog
  1910 | D:5      | Killed a giant frog
  1967 | D:5      | Noticed Menkaure
  2035 | D:6      | Found a sand-covered staircase.
  2039 | Ossuary  | Entered an ossuary
  2097 | Ossuary  | Reached skill level 1 in Evocations
  2178 | Ossuary  | Reached XP level 8. HP: 39/61 MP: 9/9
  2188 | Ossuary  | Reached skill level 9 in Polearms
  2371 | D:6      | Found a staircase to the Ecumenical Temple.
  2378 | D:6      | Reached skill level 5 in Fighting
  2422 | D:6      | Noticed a water moccasin
  2430 | D:6      | Killed a water moccasin
  2480 | Temple   | Entered the Ecumenical Temple
  2492 | Temple   | Became a worshipper of the Shining One
  2738 | D:7      | Reached skill level 10 in Polearms
  2836 | D:7      | Paralysed by a giant eyeball for 2 turns
  2963 | D:7      | Reached XP level 9. HP: 28/68 MP: 11/13
  3134 | D:8      | Found a glowing silver altar of Zin.
  3137 | D:8      | Noticed an angel
  3140 | D:8      | Found a shimmering altar of Xom.
  3192 | D:8      | Reached skill level 11 in Polearms
  3352 | D:9      | Noticed a gargoyle
  3352 | D:9      | Acquired the Shining One's first power
  3554 | D:8      | Was placed under penance by the Shining One
  3688 | D:9      | Reached skill level 12 in Polearms
  3740 | D:9      | Found a flagged portal.
  3754 | Bailey   | Entered a bailey
  3757 | Bailey   | :.
  3897 | Bailey   | Noticed an orc knight
  3944 | Bailey   | Killed an orc knight
  3944 | Bailey   | Reached skill level 5 in Evocations
  3944 | Bailey   | Reached XP level 10. HP: 40/77 MP: 18/18
  4013 | Bailey   | Noticed an orc knight
  4031 | Bailey   | an orc knight changed into a tarantella
  4055 | Bailey   | Noticed a salamander
  4055 | Bailey   | a tarantella changed into a salamander
  4061 | Bailey   | Killed a salamander
  4116 | Bailey   | Noticed an orc knight
  4124 | Bailey   | FU
  4151 | Bailey   | Noticed a death drake
  4151 | Bailey   | an orc knight changed into a death drake
  4158 | Bailey   | Noticed an orc knight
  4159 | Bailey   | Noticed an orc knight
  4159 | Bailey   | WTF
  4176 | Bailey   | Fell from the grace of the Shining One
  4176 | Bailey   | Slain by an orc knight

Action                   |  1- 3 |  4- 6 |  7- 9 | 10-12 || total
-------------------------+-------+-------+-------+-------++-------
Melee: Trident           |   145 |   262 |    72 |       ||   479
       Halberd           |       |       |   517 |     4 ||   521
       Glaive            |       |       |    21 |    38 ||    59
Throw: Throwing net      |     9 |    11 |     2 |       ||    22
Evoke: Wand              |       |       |    15 |    10 ||    25
  Use: Potion            |     6 |     6 |     7 |     6 ||    25
       Scroll            |       |       |    13 |     5 ||    18
 Stab: Held in net/web   |       |     8 |     2 |       ||    10
       Paralysed         |       |       |    18 |       ||    18
       Sleeping          |       |       |     1 |       ||     1
